 Dungeon Crawl Stone Soup version 0.29-a0-323-g050149af67 (webtiles) character file.

Game seed: 2626639553727646795

51 Jortsu the Covered (level 3, -9/23 HPs)
             Began as a Gargoyle Fighter on Apr 10, 2022.
             Killed by divine providence
             ... invoked by an orc priest
              (15 damage)
             ... on level 3 of the Dungeon.
             The game lasted 00:03:18 (2056 turns).

Jortsu the Covered (Gargoyle Fighter)               Turns: 2056, Time: 00:03:18

Health: -9/23      AC: 11    Str: 21    XL:     3   Next: 83%
Magic:  3/3        EV:  9    Int:  8    God:
Gold:   38         SH:  4    Dex:  9    Spells: 2/2 levels left

rFire   . . .      SeeInvis .   a - +1 flail
rCold   . . .      Faith    .   c - +0 buckler
rNeg    + . .      Spirit   .   b - +0 scale mail
rPois   ∞          Reflect  .   (no helmet)
rElec   +          Harm     .   g - +0 cloak
rCorr   .          Rampage  .   (no gloves)
Will    .....                   (no boots)
Stlth   ..........              e - amulet of the acrobat
HPRegen 0.07/turn               (no ring)
MPRegen 0.08/turn               (no ring)

@: no status effects
A: sickness immunity, AC +3, negative energy resistance 1, electricity
resistance, torment resistance 1, petrification resistance
a: no special abilities


You were on level 3 of the Dungeon.
You visited 1 branch of the dungeon, and saw 3 of its levels.

You collected 38 gold pieces.

Inventory:

Hand Weapons
 a - a +1 flail (weapon)
Armour
 b - a +0 scale mail (worn)
 c - a +0 buckler (worn)
 g - a +0 cloak (worn)
Jewellery
 e - an amulet of the acrobat (around neck)
 i - an amulet of magic regeneration
Potions
 d - a potion of might
 h - a potion of lignification


   Skills:
 + Level 3.6 Fighting
 + Level 2.9 Maces & Flails
 + Level 3.7 Armour
 + Level 0.1 Dodging
 + Level 3.7 Shields


You had 2 spell levels left.
You didn't know any spells.
Your spell library contained the following spells:

 Spells                   Type           Power      Damage    Failure   Level
 Shock                    Conj/Air       0%         1d3       83%         1
 Swiftness                Air            0%         N/A       99%         3
 Airstrike                Air            0%         N/A       100%        4


Dungeon Overview and Level Annotations

Branches:
Dungeon (3/15)

Altars:
Ru


Innate Abilities, Weirdness & Mutations

You are immune to sickness and miasma.
Your stone body is resilient. (AC +3)
You are immune to poison.
You resist negative energy. (rN+)
You are resistant to electric shocks. (rElec)
You are resistant to unholy torment.
You are immune to petrification.


Message History

The orc priest invokes the aid of Beogh against you.
Beogh smites you!
Ouch! That really hurt!
The adder completely misses you. The hobgoblin attacks as you move away!
You block the hobgoblin's attack. The adder completely misses you.
The adder attacks as you move away! The adder misses you.
You block the adder's attack.
You see here a bat corpse.
The adder attacks as you move away! You block the adder's attack.
The adder misses you. The adder attacks as you move away! The adder bites you.
* * * LOW HITPOINT WARNING * * *
The adder closely misses you.
You miss the adder. The adder bites you but does no damage.
The adder closely misses you.
You hit the adder.
The adder is moderately wounded.
The adder bites you but does no damage.
You closely miss the adder.
The adder is moderately wounded.
The adder closely misses you. The adder bites you but does no damage.
You barely miss the adder.
The adder is moderately wounded.
The adder bites you but does no damage. You block the adder's attack.
You hit the adder but do no damage.
The adder is moderately wounded.
The adder closely misses you. The adder bites you but does no damage.
You sock the adder!
You kill the adder!
You hit the hobgoblin.
The hobgoblin is severely wounded.
The hobgoblin hits you.
* * * LOW HITPOINT WARNING * * *
You sock the hobgoblin!
You kill the hobgoblin!
The orc priest invokes the aid of Beogh against you.
Beogh smites you!
Ouch! That really hurt!
You die...

#.....####.#.#.#.#♣.8#
#..†.............#...#
#.....#######....#♣.♣#
#.....# #.†..#...#
#.....# #####....#♣.♣#
####.## #.......##...#
#.# #.......##8.8#
#.####.......##...#
#o.o@.........#♣.♣#
#o####.......##...#
#.# #.......##♣.8# #g#
#.......##...# #.#
#.....).##♣.8# #o#
#.......##...# #o#
#.......##♣.♣#
#.####.......##...#
#.o........# #♣.8#


You could see an orc priest and 2 orcs.

Vanquished Creatures
  An adder (D:3)
  A worm (D:2)
  A dart slug (D:3)
  6 ball pythons
  5 endoplasms
  A giant cockroach (D:1)
  2 goblins (D:3)
  2 hobgoblins
  2 kobolds
  A quokka (D:2)
  6 bats
  7 frilled lizards
  5 rats
40 creatures vanquished.

Notes
Turn   | Place    | Note
-------+----------+-------------------------------------------
     0 | D:1      | Jortsu the Gargoyle Fighter began the quest for the Orb.
     0 | D:1      | Reached XP level 1. HP: 14/14 MP: 1/1
    14 | D:1      | Found a faded altar of an unknown god.
    27 | D:1      | Prayed at the altar of an unknown god.
    27 | D:1      | Became a worshipper of Ru the Awakened
    28 | D:1      | Fell from the grace of Ru
   307 | D:1      | Reached XP level 2. HP: 19/19 MP: 2/2
  1218 | D:2      | Reached XP level 3. HP: 23/23 MP: 3/3
  2056 | D:3      | Killed from afar by an orc priest

Illustrated notes

Levels and vault maps discovered:
D:1:      scummos_arrival_checkerplants, layout_basic,
          ebering_ecumenical_altar_webs, serial_aquarium,
          aquarium_bridge_straight [aquarium_subvault_bridge,
          aquarium_subvault_balcony, aquarium_subvault_bridge,
          aquarium_subvault_balcony], aquarium_window_1, aquarium_window_1,
          aquarium_window_corner, aquarium_view_2a, aquarium_view_2b,
          serial_bayou_lagoon_b
D:2:      layout_loops_corners
D:3:      layout_basic, old_standard_altar, st_stairs_8, chequers_avenue

Action                   || total
-------------------------++-------
Melee: Flail             ||   116
Invok: Renounce Religion ||     1
  Use: Scroll            ||     5
Armor: Scale mail        ||    49
Dodge: Dodged            ||    66
Block: Buckler           ||    36

Table legend: (Time is in decaauts)
 A = Elapsed time spent in this place.
 B = Non-inter-level travel time spent in this place.
 C = Inter-level travel time spent in this place.
 D = Time resting spent in this place.
 E = Time spent auto-exploring this place.
 F = Levels seen in this place.
 G = Mean time per level.
                   A        B        C        D        E       F      G
               +--------+--------+--------+--------+--------+-----+--------+
         Total |   2106 |   2075 |     31 |     15 |   1640 |   3 |  702.0 |
       Dungeon |   2106 |   2075 |     31 |     15 |   1640 |   3 |  702.0 |
               +--------+--------+--------+--------+--------+-----+--------+

Top non-repeatable levels by time:
     D:1: 1022 daAuts
     D:2: 862 daAuts
     D:3: 221 daAuts
